cohdb
Replays
Latest Replays
All Replays
Popular Replays
Top Player Replays
Match Explorer
How It Works
Community
CoH3 Stats
Reddit
Sign in to upload your games and track your stats! →
Sign in with Steam
Match 40765825
Unlisted
Match 40765825
Overview
Messages
Build Orders
End
Panzergrenadier Squad
Selects Panzerjäger Kommand Battlegroup
Panzergrenadier Squad
250 Light Carrier
Panzerpioneer Squad
Construct Light Support Kompanie
MG34 Team
Selects Mine Fields
Fire Support Elements
Panzerjäger Mechanized Group
Selects Tank Busters
Selects Defensive Positions
Pak 38 Anti-tank Gun Team
Flakvierling Half-track
Vehicle Survival Package
2.5-tonne Medical Truck
Assault Mechanized Group
Selects Butterfly Bomb Drop
Construct Panzerarmee Kommand
Walking Stuka Rocket Launcher
Selects Crew Shock Tactics
Panzer III L Medium Tank
Armored Reserves
Walking Stuka Rocket Launcher
Panzer IV Assault Group
Butterfly Bomb Drop
Emergency Repair Kits
Panzer III L Medium Tank
Tiger Heavy Tank
Selects Anti-tank Overwatch
Rapid Advance
Panzer IV Assault Group
Panzer III L Medium Tank
Sparkle
Mo-J
Wheeler
Dadical
hepelaion
Steelcurrent
0
0
Comments
sign in to comment!
No comments posted yet!